AoeStats
← Agez

Arabia

504865436Analyzed
3v3 RM · 25d ago on Sep 6, 2026· 47m 28s· 6 players
Game mode
Random Map
Map size
Normal (6 player)
Population
200
Speed
Normal
Resources
Standard
Victory
Conquest
Starting age
Dark Age
Ending age
Imperial Age
RankedLock teamsTeams togetherTeam positionsShared explorationLock speedFull tech treeHidden civsTurbo modeCheats
Victory
Defeat
🇦🇷 Goths · Argentina
1076
+12
🇦🇷 Britons · Argentina
1018
+14
🇦🇷 Franks · Argentina
968
+17
🇹🇷 Franks · Türkiye
1019
-16
🇹🇷 Britons · Türkiye
1015
-16
🇹🇷 Saracens · Türkiye
893
-11
SULTAN IV. BASAROGLU
7:09 Loom
9:17 Feudal Age
14:05 Double-Bit Axe
18:50 Castle Age
18:09 Horse Collar
18:44 Fletching
18:51 Fletching
19:30 Padded Archer Armor
19:32 Crossbowman
21:50 Wheelbarrow
21:31 Bodkin Arrow
21:47 Gold Mining
25:05 Husbandry
26:50 Bow Saw
31:54 Gold Shaft Mining
31:09 Stone Mining
33:15 Leather Archer Armor
33:29 Hand Cart
34:05 Stone Mining
41:37 Imperial Age
41:42 Ballistics
43:25 Two-Man Saw
mmesut60
1:15 Loom
11:26 Feudal Age
12:20 Double-Bit Axe
12:18 Horse Collar
24:18 Castle Age
25:14 Elite Skirmisher
28:20 Bow Saw
28:38 Scale Mail Armor
28:39 Padded Archer Armor
32:29 Wheelbarrow
38:29 Bloodlines
38:20 Husbandry
38:47 Scale Barding Armor
39:21 Bimaristan
Ryanbabel
3:19 Loom
10:30 Feudal Age
16:16 Loom
24:39 Castle Age
23:37 Double-Bit Axe
27:17 Arson
34:07 Scale Barding Armor
36:18 Chain Barding Armor
45:25 Imperial Age
43:36 Wheelbarrow
Agez
10:16 Feudal Age
8:35 Loom
10:21 Feudal Age
13:48 Double-Bit Axe
19:09 Forging
20:18 Wheelbarrow
20:41 Wheelbarrow
22:09 Castle Age
20:10 Gold Mining
22:00 Wheelbarrow
21:46 Scale Barding Armor
23:03 Bow Saw
23:35 Gold Shaft Mining
24:19 Iron Casting
25:00 Husbandry
27:55 Chain Barding Armor
37:58 Imperial Age
37:46 Stone Mining
38:38 Cavalier
41:22 Blast Furnace
40:59 Plate Barding Armor
40:45 Paladin
LMGPERDRO
6:45 Loom
10:08 Feudal Age
13:37 Double-Bit Axe
15:50 Wheelbarrow
16:19 Fletching
18:41 Horse Collar
22:32 Castle Age
22:38 Crossbowman
24:42 Gold Mining
27:13 Bodkin Arrow
32:14 Ballistics
37:10 Imperial Age
35:16 Padded Archer Armor
37:19 Arbalester
38:37 Bracer
41:20 Chemistry
45:56 Spies/Treason
Ivanlamo01
7:18 Loom
9:35 Feudal Age
16:04 Castle Age
15:13 Double-Bit Axe
18:14 Horse Collar
21:22 Stone Mining
23:14 Bow Saw
23:06 Heavy Plow
26:20 Wheelbarrow
27:00 Anarchy
27:26 Elite Skirmisher
30:24 Hand Cart
31:17 Forging
31:11 Scale Mail Armor
32:17 Squires
35:31 Iron Casting
36:26 Chain Mail Armor
40:05 Imperial Age
37:54 Gold Mining
40:56 Elite Huskarl
42:50 Two-Man Saw
46:27 Spies/Treason
Connection lost

Rejoining the realm…

Still unreachable

The connection could not be restored.

Session expired

The server has moved on; the page needs a fresh start.